 Dungeon Crawl Stone Soup version 0.31-a0-1074-g0b22e4e0f1 (webtiles) character file.

Game seed: 576395657888681846

9 Dirtsage the Slasher (level 2, 24/24 HPs)
             Began as a Demonspawn Monk on Nov 26, 2023.
             Quit the game on level 1 of the Dungeon.
             The game lasted 00:00:48 (167 turns).

Dirtsage the Slasher (Demonspawn Monk)               Turns: 167, Time: 00:00:49

Health: 24/24      AC:  2    Str: 11    XL:     2   Next: 3%
Magic:  2/2        EV: 12    Int: 11    God:
Gold:   8          SH:  0    Dex: 15    Spells: 1/1 levels left

rFire   . . .        a - +0 falchion
rCold   . . .        d - orb {light}
rNeg    . . .        b - +0 robe
rPois   .            (no helmet)
rElec   .            (no cloak)
rCorr   .            (no gloves)
SInv    .            (no boots)
Will    .....        (no amulet)
Stlth   +            (no ring)
HPRegen 0.24/turn    (no ring)
MPRegen 0.08/turn

%: no passive effects
@: glowing
A: weakness stinger 1
a: no special abilities


You were on level 1 of the Dungeon.
You visited 1 branch of the dungeon, and saw 1 of its levels.

You collected 8 gold pieces.

Inventory:

Hand Weapons
 a - a +0 falchion (weapon)
Armour
 b - a +0 robe (worn)
 d - an orb of light (worn)
Potions
 c - a potion of ambrosia


   Skills:
 * Level 3.0 Fighting
 + Level 0.0(1.9) Short Blades
 + Level 3.2 Long Blades
 + Level 0.0 Armour
 + Level 2.6 Dodging
 + Level 0.0 Unarmed Combat


You had one spell level left.
You didn't know any spells.
Your spell library contained the following spells:

 Spells                   Type           Power      Damage    Failure   Level
 Anguish                  Hex/Necr       0%         N/A       98%         4
 Cause Fear               Hex            0%         N/A       98%         4
 Enfeeble                 Hex            0%         N/A       100%        7


Dungeon Overview and Level Annotations

Branches:
Dungeon (1/15)

Altars:


Innate Abilities, Weirdness & Mutations

You have a small tail.


Message History

A kobold comes into view. It is wielding a +0 dagger.
The kobold shouts!
You slash the ball python!
You kill the ball python!
The kobold throws a stone.
The stone closely misses you. The quokka closely misses you.
You hit the quokka.
The quokka is heavily wounded.
The quokka closely misses you.
You hit the quokka but do no damage.
The quokka is heavily wounded.
The kobold throws a stone.
The stone hits you. The quokka misses you.
The kobold throws a stone.
The stone misses you.
The stone misses the quokka.
You take 1 damage, and have 17/18 hp.
You closely miss the quokka.
The quokka is heavily wounded.
The quokka barely misses you. The quokka bites you.
You take 4 damage, and have 13/18 hp.
MASSIVE DAMAGE!!
You slash the kobold!
You kill the kobold!
The quokka bites you.
You slash the quokka!
You kill the quokka!
You see here a quokka corpse.
A quokka comes into view.
The quokka twitches its whiskers.
Health restored: 18 The quokka bites you.
The quokka misses you.
You take 1 damage, and have 17/18 hp.
You hit the quokka.
The quokka is severely wounded.
The quokka bites you but does no damage.
You hit the quokka.
You kill the quokka!
You have reached level 2!
You feel monstrous as your demonic heritage exerts itself.
Your demonic ancestry asserts itself...
You grow a small tail.
Health restored: 24; MP restored: 2 Are you sure you want to abandon this character and quit the game? (Confirm with "yes".)

#.####.# #. ##'## #
#...# #...# #...#
##########'##
#.?.....##.########.
+.........†.).......
#...†@..##.#########
#######....# #.####
#.# #.# #.# #.# #.#
#.#


There were no monsters in sight!

Vanquished Creatures
  3 ball pythons (D:1)
  A hobgoblin (D:1)
  2 quokkas (D:1)
  2 kobolds (D:1)
8 creatures vanquished.

Notes
Turn   | Place    | Note
-------+----------+-------------------------------------------
     0 | D:1      | Dirtsage the Demonspawn Monk began the quest for the Orb.
     0 | D:1      | Reached XP level 1. HP: 18/18 MP: 1/1
   167 | D:1      | Discovered your monstrous ancestry.
   167 | D:1      | Gained mutation: You have a small tail. [demonic ancestry]
   167 | D:1      | Reached XP level 2. HP: 24/24 MP: 2/2
   167 | D:1      | Quit the game

Illustrated notes

Levels and vault maps discovered:
D:1:      psy_arrival_radial01, layout_basic

Skill      XL: |  1 |
---------------+----+-----
Long Blades    | 3 |  3.2
Fighting       | |  3.0
Dodging        | |  2.6

Action                     || total
---------------------------++-------
  Melee: Falchion          ||    18
 Armour: Robe              ||    10
  Dodge: Dodged            ||    15

Table legend: (Time is in decaauts)
 A = Elapsed time spent in this place.
 B = Non-inter-level travel time spent in this place.
 C = Inter-level travel time spent in this place.
 D = Time resting spent in this place.
 E = Time spent auto-exploring this place.
 F = Levels seen in this place.
 G = Mean time per level.
                   A        B        C        D        E       F      G
               +--------+--------+--------+--------+--------+-----+--------+
         Total |    170 |    170 |      0 |      0 |    120 |   1 |  170.0 |
       Dungeon |    170 |    170 |      0 |      0 |    120 |   1 |  170.0 |
               +--------+--------+--------+--------+--------+-----+--------+

Top non-repeatable levels by time:
     D:1: 170 daAuts
